 Dungeon Sprint DCSS version 0.30.0-5-g1a98f26d00 (webtiles) character file.

Game seed: 7727998756298320065

5675 Groucho the Imperceptible (level 10, -5/57 HPs)
             Began as a Felid Berserker on May 8, 2023.
             Was the Champion of Trog.
             Killed by divine providence
             ... invoked by a daeva
              (15 damage)
             ... in the Dungeon (Sprint I: "Red Sonja").
             The game lasted 00:11:06 (2678 turns).

Groucho the Imperceptible (Felid Berserker)         Turns: 2678, Time: 00:11:06

Health: -5/57      AC:  3    Str: 13    XL:     10   Next: 47%
Magic:  11/11      EV: 34    Int:  9    God:    Trog [******]
Gold:   2626       SH:  0    Dex: 20    Spells: 9/9 levels left
                                        Lives:  0   Deaths: 2

rFire   . .          .
                       - Unarmed
rCold   + . .        (shield unavailable)
rNeg    . . .        (body armour unavailable)
rPois   .            (helmet unavailable)
rElec   .            (cloak unavailable)
rCorr   .            (gloves unavailable)
SInv    +            (boots unavailable)
Will    +....        (no amulet)
Stlth   ++++         (no ring)
HPRegen 0.29/turn    (no ring)
MPRegen 0.12/turn

%: no teleportation
@: glowing, quick
A: very small, claws 1, fangs 3, see invisible, speed 1, shaggy fur 3, stealthy
paws, no weapons or thrown items, no armour, multi-lived, subdued magic 1
a: Renounce Religion, Berserk, Trog's Hand, Brothers in Arms


You were in the Dungeon.
You worshipped Trog.
Trog was exalted by your worship.
You visited 1 branch You collected 2718 gold pieces.
You spent 92 gold pieces at shops.

Inventory:

Jewellery
 r - an amulet of faith
Wands
 g - a wand of iceblast (11)
 h - a wand of paralysis (4)
Scrolls
 f - a scroll of poison {unknown}
 i - a scroll of amnesia {unknown}
 j - a scroll of silence {unknown}
 k - a scroll of identify {unknown}
 l - a scroll of blinking
 m - a scroll of vulnerability {unknown}
 n - a scroll of torment {unknown}
Potions
 a - 2 potions of curing
 b - a potion of heal wounds
 c - a potion of haste
 d - 2 potions of magic
 e - a potion of berserk rage
 o - a potion of mutation {unknown}
 p - a potion of might {unknown}
 q - a potion of lignification {unknown}


   Skills:
 + Level 14.7 Fighting
 + Level 18.7 Dodging
 - Level 25.1 Stealth
 + Level 14.7 Unarmed Combat
 + Level 8.1 Evocations


You had 9 spell levels left.
You didn't know any spells.
Your spell library was empty.

Dungeon Overview and Level Annotations

Branches:
Dungeon (1/1)

Altars:
Cheibriados
Dithmenos
Elyvilon
Fedhas
Gozag
Hepliaklqana
Kikubaaqudgha
Makhleb
Nemelex Xobeh
Okawaru
Qazlal
Ru
Sif Muna
Trog
Uskayaw
Vehumet
Wu Jian
Xom
Yredelemnul
Zin
The Shining One
Jiyva
Lugonu

Shops:
D (??*[=**!?*?[***:*:[*

Annotations:
D Tiamat


Innate Abilities, Weirdness & Mutations

You have sharp claws.
You have razor-sharp teeth.
You have supernaturally acute eyesight. (SInv)
You cover ground quickly. (Speed+)
Your thick and shaggy fur keeps you warm. (AC +3, rC+)
Your paws help you pounce on unaware monsters.
You are incapable of wielding weapons or throwing items.
You cannot wear armour.
You gain extra lives every three experience levels.
Your spells are a little easier to cast, but a little less powerful.


Message History

Unknown command.
Unknown command.
Unknown command.
Unknown command.
Aiming: Paralyse
Press: ? - help, Shift-Dir - straight line Nothing appears to happen.
Tiamat is nearby!
Unknown command.
Unknown command.
You see here 27 gold pieces.
You now have 2599 gold pieces (gained 27).
You see here a +2 great sword of flaming.
There is an open door here.
You open the door.
The daeva shouts!
There is an open door here.
You see here 27 gold pieces.
You now have 2626 gold pieces (gained 27).
The daeva calls down the wrath of the Shining One upon you.
The Shining One smites you!
You see here 27 gold pieces.
You see here 27 gold pieces.
You see here 27 gold pieces.
You see here 27 gold pieces.
You see here a scroll labelled ISSAG BO WOX.
The daeva calls down the wrath of the Shining One upon you.
The Shining One smites you!
You see here a viscous pink potion.
q - a viscous pink potion The daeva calls down the wrath of the Shining One upon you.
The Shining One smites you!
You see here an amulet of faith.
r - an amulet of faith The daeva calls down the wrath of the Shining One upon you.
The Shining One smites you!
* * * LOW HITPOINT WARNING * * *
The daeva calls down the wrath of the Shining One upon you.
The Shining One smites you!
You die...

######################
#[[#§§..§.§§..§§..#..+
##'#§####.§§.§##..'..#
'§.#§#(###§§.#######+#
#.§'.#'#.###§#..@##
#+####...#y#.##$$$#
.°○..#...###..###$#
...°.'.....##§#A#$#
##..°#....†#.§###$#
.#°..###''##.##...#
.#°.###..###))#'###
.#.°####).###...#
.##+#○.#(.#$###.#


You could see a daeva.

Vanquished Creatures
  2 fire giants (D)
  A lorocyproca (D)
  A hydra (D)
  2 centaur warriors (D)
  Sonja (D)
  A deep troll (D)
  A lindwurm (D)
  An oklob plant (D)
  4 demonic crawlers (D)
  2 gargoyles (D)
  7 unseen horrors (D)
  2 kobold demonologists (D)
  A hornet (D)
  A slime creature (D)
  Sigmund (D)
  A yak (D)
  2 redbacks (D)
  13 hogs (D)
  3 floating eyes (D)
  An ogre (D)
  A necrophage (D)
  2 jellies (D)
  Ijyb (D)
  A ballistomycete spore (D)
53 creatures vanquished.

Vanquished Creatures (collateral kills)
  8 shining eyes (D)
  4 floating eyes (D)
  6 necrophages (D)
  6 jellies (D)
24 creatures vanquished.

Vanquished Creatures (others)
  A merfolk siren (D)
  4 hornets (D)
  A hellwing (D)
  A ballistomycete spore (D)
7 creatures vanquished.

Grand Total: 84 creatures vanquished

Notes
Turn   | Place    | Note
-------+----------+-------------------------------------------
     0 | D        | Groucho the Felid Berserker began the quest for the Orb.
     0 | D        | Reached XP level 1. HP: 10/10 MP: 2/2
     2 | D        | Noticed Ijyb
    10 | D        | Killed Ijyb
    11 | D        | Reached skill level 8 in Stealth
    11 | D        | Reached XP level 2. HP: 11/14 MP: 3/3
    52 | D        | Noticed an ogre
    58 | D        | Killed an ogre
    59 | D        | Reached skill level 12 in Stealth
    59 | D        | Reached XP level 3. HP: 17/17 MP: 4/4
    59 | D        | Reached XP level 4. HP: 21/21 MP: 5/5
    72 | D        | Noticed Sigmund
    74 | D        | Killed Sigmund
    74 | D        | Reached ** piety under Trog
    75 | D        | Reached skill level 17 in Stealth
    75 | D        | Reached XP level 5. HP: 24/24 MP: 6/6
    75 | D        | Gained mutation: You are covered in thick fur. (AC +2)
                  | [Felid growth]
    75 | D        | Reached XP level 6. HP: 28/28 MP: 7/7
    86 | D        | Found a shimmering blue altar of Sif Muna.
    87 | D        | Found an ornate altar of the Wu Jian Council.
    88 | D        | Found a radiant altar of Vehumet.
   126 | D        | Found Mailunix's Assorted Antiques.
   126 | D        | Found an ancient bone altar of Kikubaaqudgha.
   126 | D        | Found a hazy altar of Hepliaklqana.
   126 | D        | Found a stormy altar of Qazlal.
   126 | D        | Found a hide-covered altar of Uskayaw.
   126 | D        | Found a blossoming altar of Fedhas.
   126 | D        | Found a bloodstained altar of Trog.
   126 | D        | Found an iron altar of Okawaru.
   126 | D        | Found a basalt altar of Yredelemnul.
   126 | D        | Found a glowing golden altar of the Shining One.
   126 | D        | Found a snail-covered altar of Cheibriados.
   126 | D        | Found a sacrificial altar of Ru.
   126 | D        | Found a glowing silver altar of Zin.
   126 | D        | Found a shadowy altar of Dithmenos.
   126 | D        | Found a white marble altar of Elyvilon.
   126 | D        | Noticed a yak
   127 | D        | Found an opulent altar of Gozag.
   128 | D        | Killed a yak
   129 | D        | Reached skill level 19 in Stealth
   129 | D        | Found a sparkling altar of Nemelex Xobeh.
   147 | D        | Found a burning altar of Makhleb.
   147 | D        | Found a shimmering altar of Xom.
   147 | D        | Noticed a slime creature
   148 | D        | Found a viscous altar of Jiyva.
   148 | D        | Found a corrupted altar of Lugonu.
   150 | D        | Killed a slime creature
   150 | D        | Reached *** piety under Trog
   151 | D        | Reached skill level 5 in Dodging
   151 | D        | Reached XP level 7. HP: 32/32 MP: 8/8
   174 | D        | Noticed a centaur warrior
   174 | D        | Noticed a centaur warrior
   175 | D        | Killed a centaur warrior
   176 | D        | Reached skill level 20 in Stealth
   176 | D        | Reached XP level 8. HP: 38/38 MP: 9/9
   176 | D        | Killed a centaur warrior
   177 | D        | Reached skill level 21 in Stealth
   185 | D        | Noticed a hornet
   188 | D        | Killed a hornet
   189 | D        | Reached skill level 10 in Dodging
   189 | D        | Reached XP level 9. HP: 44/44 MP: 10/10
   198 | D        | Noticed an oklob plant
   200 | D        | Killed an oklob plant
   200 | D        | Reached **** piety under Trog
   207 | D        | Reached skill level 22 in Stealth
   239 | D        | Noticed an unseen horror
   239 | D        | Noticed an unseen horror
   249 | D        | Killed an unseen horror
   251 | D        | Killed an unseen horror
   251 | D        | Reached ***** piety under Trog
   349 | D        | Identified the +4 falchion "Queg" {freeze, rF- Will+ Dex+3
                  | Stlth+}
   360 | D        | Found Garos's Assorted Antiques.
   360 | D        | Found Ruosokab's Assorted Antiques.
   360 | D        | Found Joll's Distillery.
   362 | D        | Found Pizoit's Magic Scroll Emporium.
   362 | D        | Found Potir's General Store.
   362 | D        | Found Wuurydd's Magic Scroll Shoppe.
   362 | D        | Found Pecighaf's Antique Armour Boutique.
   362 | D        | Found Iteivvam's General Store.
   362 | D        | Found Vayntu Sage's Assorted Antiques.
   362 | D        | Found Xitatu's Assorted Antiques.
   366 | D        | Found Zyoguanuje's Book Boutique.
   367 | D        | Found Katani's Book Emporium.
   367 | D        | Found Viug Ost's Assorted Antiques.
   368 | D        | Found Ceosaby's Assorted Antiques.
   372 | D        | Bought a gold wand for 92 gold pieces
   429 | D        | Noticed a deep troll
   431 | D        | Killed a deep troll
   432 | D        | Reached skill level 10 in Fighting
   432 | D        | Reached skill level 23 in Stealth
   432 | D        | Reached skill level 10 in Unarmed Combat
   432 | D        | Reached XP level 10. HP: 51/51 MP: 11/11
   443 | D        | Found Temibeip's Armour Emporium.
   457 | D        | Noticed Sonja
   460 | D        | Killed Sonja
   460 | D        | Reached ****** piety under Trog
   496 | D        | Found Jojic's Weapon Boutique.
   514 | D        | Noticed a shining eye
   514 | D        | Noticed a shining eye
   514 | D        | Noticed a shining eye
   514 | D        | Noticed a shining eye
   514 | D        | Noticed a shining eye
   514 | D        | Noticed a shining eye
   517 | D        | Killed a shining eye
   517 | D        | Killed a shining eye
   518 | D        | Killed a shining eye
   520 | D        | Noticed a shining eye
   520 | D        | Noticed a shining eye
   521 | D        | Killed a shining eye
   522 | D        | Reached skill level 24 in Stealth
   522 | D        | Killed a shining eye
   522 | D        | Killed a shining eye
   522 | D        | Gained mutation: Your spells are a little easier to cast,
                  | but a little less powerful. [a shining eye]
   523 | D        | Reached skill level 15 in Dodging
   523 | D        | Killed a shining eye
   524 | D        | Reached XP level 11. HP: 57/57 MP: 12/12
   525 | D        | Killed a shining eye
   534 | D        | Found Roettac's Antique Armour Shop.
   534 | D        | Found Vejioca's Magic Scroll Shoppe.
   534 | D        | Found Juroenew's Jewellery Boutique.
   534 | D        | Found Jomuiric's Magic Scroll Emporium.
   656 | D        | Reached skill level 25 in Stealth
   670 | D        | Noticed a lindwurm
   684 | D        | Killed a lindwurm
   685 | D        | Reached skill level 1 in Evocations
  1192 | D        | Noticed a 12-headed hydra
  1197 | D        | Killed a 12-headed hydra
  1198 | D        | Reached skill level 5 in Evocations
  1499 | D        | Noticed a daeva
  1523 | D        | Noticed a fire giant
  1526 | D        | Noticed a fire giant
  1527 | D        | Noticed a fire giant
  1528 | D        | Noticed a fire giant
  1530 | D        | Killed a fire giant
  1531 | D        | Gained mutation: Your thick and shaggy fur keeps you warm.
                  | (AC +3, rC+) [Felid growth]
  1531 | D        | Reached XP level 12. HP: 64/64 MP: 13/13
  1536 | D        | Killed from afar by a fire giant
  1537 | D        | Reached XP level 11. HP: -9/60 MP: 12/12
  1616 | D        | Noticed a lorocyproca
  1618 | D        | Killed a lorocyproca
  1970 | D        | HP: 1/60 [meliai/divine providence (13)]
  1978 | D        | Killed from afar by a meliai
  1979 | D        | Reached XP level 10. HP: -6/57 MP: 11/11
  1992 | D        | Killed a gargoyle
  2245 | D        | Killed a fire giant
  2546 | D        | Noticed a gargoyle
  2553 | D        | Killed a gargoyle
  2632 | D        | Found the +4 dragonskin cloak
  2632 | D        | Noticed Tiamat
  2678 | D        | Killed from afar by a daeva

Illustrated notes

Levels and vault maps discovered:
D:        dungeon_sprint_1 [red_sonja_temple_1, red_sonja_temple_small_1]

Skill      XL: |  1  2  3  4  5  6  7  8  9 10 11 |
---------------+----------------------------------+-----
Stealth        | 8 12 17 19 20 21 23 24 25 | 25.1
Fighting       | 4 6 7 10 12 14 | 14.7
Dodging        | 5 8 10 13 15 18 | 18.7
Unarmed Combat | 4 6 7 10 12 14 | 14.7
Evocations     | 8 7 |  8.1

Action                     |  1- 3 |  4- 6 |  7- 9 | 10-12 || total
---------------------------+-------+-------+-------+-------++-------
  Melee: Unarmed           |    12 |     4 |    38 |   104 ||   158
         Bite              |     2 |       |     7 |    13 ||    22
         Punch             |       |       |     4 |    13 ||    17
 Invoke: Berserk           |     1 |       |     1 |     1 ||     3
         Brothers in Arms  |       |       |     2 |     9 ||    11
         Trog's Hand       |       |       |     1 |     3 ||     4
  Evoke: Wand              |       |       |       |     2 ||     2
    Use: Scroll            |       |       |     1 |       ||     1
         Potion            |       |       |       |     4 ||     4
   Stab: Sleeping          |     1 |     4 |     8 |    16 ||    29
         Distracted        |       |       |       |     1 ||     1
 Armour: Skin              |       |       |     2 |     1 ||     3
  Dodge: Dodged            |     5 |       |    36 |    89 ||   130
